 Dungeon Crawl Stone Soup version 0.17.0-28-g6e173f8 (webtiles) character file.

349 dvd the Gusty (level 6, -2/36 HPs)
             Began as a High Elf Air Elementalist on Dec 3, 2015.
             Slain by Edmund
             ... wielding a +0 flail of protection
              (12 damage)
             ... on level 4 of the Dungeon.
             The game lasted 00:15:14 (3803 turns).

dvd the Gusty (High Elf Air Elementalist)           Turns: 3803, Time: 00:15:15

Health: -2/36      AC:  4    Str:  7    XL:     6   Next: 33%
Magic:  4/23       EV: 13    Int: 20    God:
Gold:   218        SH:  0    Dex: 17    Spells: 4 memorised, 6 levels left

rFire  + . .     SeeInvis .     a - +1 dagger (freeze)
rCold  . . .     Clarity  .     x - +1 robe {rF+}
rNeg   . . .     SustAt   .     (no shield)
rPois  .         Gourm    .     (no helmet)
rElec  .         Spirit   .     (no cloak)
rCorr  .         Warding  .     A - +0 pair of gloves
rMut   .         Stasis   .     (no boots)
MR     .....                    (no amulet)
Stlth  +++.......               o - ring of stealth
                                d - ring of magical power

@: repel missiles, not resistant to hostile enchantments, fairly stealthy
A: no striking features
a: no special abilities


You were on level 4 of the Dungeon.
You were not hungry.

You visited 1 branch of the dungeon, and saw 4 of its levels.

You collected 218 gold pieces.

Inventory:

Hand Weapons
 a - a +1 dagger of freezing (weapon)
 f - a +0 short sword
 g - a +0 dagger
 F - a cursed +0 falchion
Armour
 k - a +0 robe
 x - a +1 robe of fire resistance (worn)
 A - a +0 pair of gloves (worn)
Jewellery
 d - a ring of magical power (left hand)
 m - an uncursed ring of sustain attributes
 o - a ring of stealth (right hand)
 s - an uncursed ring of teleportation
Scrolls
 e - 5 scrolls of remove curse
 h - a scroll of enchant weapon {unknown}
 j - 2 scrolls of blinking {unknown}
 l - 3 scrolls of identify
 t - a scroll of immolation {unknown}
 w - a scroll of amnesia {unknown}
 y - 2 scrolls of teleportation {unknown}
Potions
 i - 3 potions of heal wounds {unknown}
 n - a potion of ambrosia {unknown}
 p - a potion of agility
 q - 2 potions of flight {unknown}
 r - 3 potions of brilliance {unknown}
 u - a potion of poison {unknown}
 v - a potion of might {unknown}
 B - a potion of mutation {unknown}
 C - a potion of degeneration {unknown}
 D - a potion of curing {unknown}
Books
 b - a book of Air

   Spells                             Type                      Level
   a - Shock                          Conjuration/Air              1
   b - Swiftness                      Charms/Air                   2
   c - Repel Missiles                 Charms/Air                   2
   d - Static Discharge               Conjuration/Air              3
   e - Lightning Bolt                 Conjuration/Air              5
Comestibles
 c - 3 bread rations
 E - a meat ration
 G - a slice of pizza


   Skills:
 + Level 2.7 Dodging
 + Level 3.1 Stealth
 + Level 4.8 Spellcasting
 + Level 3.1 Conjurations
 + Level 0.5 Charms
 + Level 5.6 Air Magic


You had 6 spell levels left.
You knew the following spells:

 Your Spells              Type           Power        Failure   Level  Hunger
a - Shock                 Conj/Air       ###.         1%          1    None
b - Repel Missiles        Chrm/Air       ###...       6%          2    #......
c - Swiftness             Chrm/Air       ###.....     6%          2    #......
d - Static Discharge      Conj/Air       ###.....     8%          3    ##.....


Dungeon Overview and Level Annotations

Branches:
Dungeon (4/15)
 Temple: D:4-7

Altars:

Annotations:
D:4 Edmund


Message History

* * * LOW HITPOINT WARNING * * *
Unknown command.
Casting: Shock
Confirm with . or Enter, or press ? or * to list all spells.
Aiming: Shock
Press: ? - help, Shift-Dir - straight line, f/p - Edmund
Aim: Edmund, wielding a flail of protection and wearing a ring mail (severely wounded)
The zap hits Edmund.
Edmund appears unharmed.
Edmund is severely wounded.
Edmund barely misses you.
Casting: Shock
Confirm with . or Enter, or press ? or * to list all spells.
Aiming: Shock
Press: ? - help, Shift-Dir - straight line, f/p - Edmund
Aim: Edmund, wielding a flail of protection and wearing a ring mail (severely wounded)
The zap hits Edmund.
Edmund appears unharmed.
Edmund is severely wounded.
You no longer feel sluggish.
Edmund hits you with a flail of protection!
You die...

..................## #...
#########..........#####..#
#................#
###...##...#####.#
#...##.### # ##.###.# #.#
#.# #.# #@# #.# #@# #.#
#........ #####..## #


You could see Edmund.

Vanquished Creatures
  A centaur skeleton (D:4)
  Ijyb (D:2)
  An orc wizard (D:4)
  Jessica (D:2)
  Natasha (twice) (D:2)
  2 worker ants (D:4)
  8 adders
  An ooze (D:1)
  A worm (D:3)
  An adder skeleton (D:4)
  2 giant geckos
  10 orcs
  A ball python (D:3)
  10 bats
  3 giant cockroaches
  10 goblins
  5 hobgoblins (D:3)
  3 jackals
  6 kobolds
  A quokka (D:3)
  3 giant newts
  8 rats
81 creatures vanquished.

Notes
Turn   | Place    | Note
--------------------------------------------------------------
     0 | D:1      | dvd the High Elf Air Elementalist began the quest for the Orb.
     0 | D:1      | Reached XP level 1. HP: 11/11 MP: 4/4
   356 | D:1      | Reached XP level 2. HP: 17/17 MP: 6/6
   506 | D:1      | Learned a level 2 spell: Repel Missiles
   521 | D:1      | Reached skill level 4 in Air Magic
   739 | D:1      | Learned a level 2 spell: Swiftness
  1100 | D:2      | Reached XP level 3. HP: 21/21 MP: 8/8
  1172 | D:2      | Noticed Ijyb
  1180 | D:2      | Killed Ijyb
  1180 | D:2      | Reached XP level 4. HP: 27/27 MP: 6/10
  1202 | D:2      | Noticed Jessica
  1204 | D:2      | Killed Jessica
  1304 | D:2      | Learned a level 3 spell: Static Discharge
  1705 | D:2      | Noticed Natasha
  1719 | D:2      | Killed Natasha
  1719 | D:2      | Reached skill level 5 in Air Magic
  1969 | D:2      | Reached XP level 5. HP: 31/31 MP: 11/11
  1994 | D:2      | Noticed Natasha
  1995 | D:2      | Killed Natasha
  3388 | D:4      | Reached XP level 6. HP: 36/36 MP: 13/13
  3774 | D:4      | Noticed Edmund
  3803 | D:4      | Slain by Edmund

Action                   |  1- 3 |  4- 6 || total
-------------------------+-------+-------++-------
Melee: Dagger            |       |    14 ||    14
 Cast: Shock             |    62 |   132 ||   194
       Repel Missiles    |     1 |       ||     1
       Static Discharge  |       |     5 ||     5
       Swiftness         |       |     1 ||     1
  Use: Scroll            |       |     5 ||     5
 Stab: Sleeping          |       |     6 ||     6
  Eat: Chunk             |       |     9 ||     9
